General information
- name: BNet
- type: Ladder team game (AT/RT)
- host: Battle.net
- saver: dirtmcwordup
map: UpperKingdom
- players: 6
- length: 19:16
- speed: Fast
- version: 1.21 W3XP
- replay type:

» download(188 KB)
Players
team 1 (winner)
dirtmcwordup (
red | 139 APM | 2682 actions | 19:16)
3 Demon Hunter
2 Mana Burn
1 Evasion
4 Keeper of the Grove
2 Entangling Roots
2 Thorns Aura
» actions
| Assign group hotkey | 23 | |
| Basic commands | 63 | |
| Build / train | 54 | |
| ESC pressed | 1 | |
| Enter build submenu | 12 | |
| Enter hero's abilities submenu | 7 | |
| Right click | 1255 | |
| Select / deselect | 256 | |
| Select group hotkey | 945 | |
| Use ability | 66 | |
2682 total
» units
| Wisp | 11 | |
| Huntress | 5 | |
| Dryad | 8 | |
| Druid of the Claw | 3 | |
27 total
» upgrades
| Ultravision | 1 | |
| Druid of the Claw Training | 2 | |
| Abolish Magic | 1 | |
| Strength of the Wild | 3 | |
| Reinforced Hides | 2 | |
| Mark of the Claw | 1 | |
| Well Spring | 1 | |
11 total
» buildings
| Altar of Elders | 1 | |
| Moon Well | 6 | |
| Hunter's Hall | 1 | |
| Ancient of War | 1 | |
| Tree of Ages | 1 | |
| Ancient of Lore | 2 | |
| Tree of Eternity | 1 | |
| Ancient of Wonders | 1 | |
14 total
» build order
00:04 Altar of Elders
00:20 Moon Well
01:44 Hunter's Hall
01:49 Ancient of War
01:55 Moon Well
02:30 Moon Well
03:29 Tree of Ages
05:41 Moon Well
05:57 Ancient of Lore
05:58 Ancient of Lore
08:38 Tree of Eternity
08:43 Moon Well
11:58 Ancient of Wonders
13:59 Moon Well
» items
| Orb of Venom | 1 | |
| Potion of Healing | 1 | |
| Staff of Preservation | 1 | |
3 total

»
iggy_the_fisk (
teal | 78 APM | 1490 actions | 19:13)
6 Death Knight
3 Death Coil
2 Unholy Aura
1 Animate Dead
» actions
| Assign group hotkey | 47 | |
| Basic commands | 23 | |
| Build / train | 55 | |
| Enter build submenu | 16 | |
| Enter hero's abilities submenu | 6 | |
| Remove unit from queue | 1 | |
| Right click | 907 | |
| Select / deselect | 265 | |
| Select group hotkey | 97 | |
| Use ability | 73 | |
1490 total
» units
| Acolyte | 2 | |
| Ghoul | 2 | |
| Crypt Fiend | 20 | |
| Obsidian Statue | 6 | |
| Abomination | 2 | |
32 total
» upgrades
| Creature Attack | 2 | |
| Web | 1 | |
| Burrow | 1 | |
| Destroyer Form | 1 | |
| Disease Cloud | 1 | |
6 total
» buildings
| Crypt | 1 | |
| Ziggurat | 7 | |
| Graveyard | 1 | |
| Altar of Darkness | 1 | |
| Tomb of Relics | 1 | |
| Nerubian Tower | 1 | |
| Halls of the Dead | 1 | |
| Slaughterhouse | 2 | |
| Black Citadel | 1 | |
16 total
» build order
00:07 Crypt
00:08 Ziggurat
00:38 Graveyard
00:58 Altar of Darkness
01:40 Ziggurat
02:13 Tomb of Relics
03:07 Nerubian Tower
05:00 Halls of the Dead
05:42 Ziggurat
08:39 Slaughterhouse
08:53 Ziggurat
09:44 Black Citadel
13:21 Ziggurat
13:22 Ziggurat
13:29 Ziggurat
16:36 Slaughterhouse
» items
| Rod of Necromancy | 1 | |
| Potion of Healing | 2 | |
| Orb of Corruption | 1 | |
| Scroll of Healing | 1 | |
| Scroll of Town Portal | 1 | |
6 total
mata. (
pink | 198 APM | 3808 actions | 19:13)
5 Blademaster
3 Wind Walk
2 Critical Strike
5 Shadow Hunter
3 Hex
2 Healing Wave
» actions
| Assign group hotkey | 431 | |
| Basic commands | 14 | |
| Build / train | 64 | |
| ESC pressed | 8 | |
| Enter build submenu | 19 | |
| Enter hero's abilities submenu | 11 | |
| Give item / drop item | 1 | |
| Right click | 1758 | |
| Select / deselect | 716 | |
| Select group hotkey | 643 | |
| Use ability | 143 | |
3808 total
» units
| Peon | 8 | |
| Grunt | 8 | |
| Raider | 7 | |
| Spirit Walker | 2 | |
| Wind Rider | 4 | |
29 total
» upgrades
| Ensnare | 1 | |
| Spirit Walker Training | 1 | |
| Pillage | 1 | |
| Ranged Weapons | 1 | |
| Envenomed Spears | 1 | |
5 total
» buildings
| Altar of Storms | 1 | |
| Orc Burrow | 7 | |
| Barracks | 1 | |
| Voodoo Lounge | 1 | |
| Stronghold | 1 | |
| War Mill | 1 | |
| Beastiary | 2 | |
| Watch Tower | 4 | |
| Spirit Lodge | 1 | |
| Fortress | 2 | |
21 total
» build order
00:03 Altar of Storms
00:19 Orc Burrow
00:48 Barracks
01:39 Orc Burrow
02:14 Voodoo Lounge
03:13 Stronghold
03:55 Orc Burrow
05:19 War Mill
05:22 Orc Burrow
06:37 Beastiary
06:39 Beastiary
07:10 Watch Tower
07:11 Watch Tower
08:10 Watch Tower
08:10 Watch Tower
09:47 Spirit Lodge
13:38 Orc Burrow
13:38 Orc Burrow
13:39 Orc Burrow
16:20 Fortress
» items
| Healing Salve | 2 | |
| Scroll of Town Portal | 1 | |
3 total
team 2 (loser)
Cenarius[cK] (
yellow | 94 APM | 1811 actions | 19:10)
4 Archmage
2 Blizzard
2 Brilliance Aura
2 Blood Mage
1 Flame Strike
1 Banish
» actions
| Assign group hotkey | 38 | |
| Basic commands | 143 | |
| Build / train | 63 | |
| Enter build submenu | 22 | |
| Enter hero's abilities submenu | 6 | |
| Give item / drop item | 2 | |
| Right click | 611 | |
| Select / deselect | 398 | |
| Select group hotkey | 457 | |
| Use ability | 71 | |
1811 total
» units
| Peasant | 21 | |
| Footman | 9 | |
| Spell Breaker | 9 | |
| Priest | 3 | |
| Rifleman | 2 | |
44 total
» upgrades
» buildings
| Altar of Kings | 1 | |
| Barracks | 2 | |
| Farm | 9 | |
| Scout Tower | 3 | |
| Arcane Tower | 1 | |
| Keep | 1 | |
| Lumber Mill | 1 | |
| Arcane Vault | 1 | |
| Town Hall | 1 | |
| Guard Tower | 1 | |
| Arcane Sanctum | 2 | |
| Castle | 1 | |
| Blacksmith | 1 | |
25 total
» build order
00:09 Altar of Kings
00:13 Barracks
00:17 Farm
00:49 Farm
01:36 Scout Tower
01:54 Farm
02:15 Arcane Tower
05:03 Keep
05:05 Lumber Mill
05:47 Arcane Vault
06:58 Scout Tower
06:59 Scout Tower
07:04 Town Hall
09:31 Guard Tower
09:46 Arcane Sanctum
09:55 Arcane Sanctum
12:27 Farm
12:28 Farm
15:24 Farm
15:26 Barracks
15:27 Farm
16:00 Castle
16:06 Farm
16:08 Farm
16:37 Blacksmith
» items
| Potion of Healing | 4 | |
| Scroll of Town Portal | 2 | |
6 total
Gohan[cK] (
blue | 114 APM | 2199 actions | 19:12)
4 Tauren Chieftain
2 War Stomp
2 Endurance Aura
2 Shadow Hunter
1 Healing Wave
1 Hex
» actions
| Assign group hotkey | 37 | |
| Basic commands | 20 | |
| Build / train | 64 | |
| ESC pressed | 4 | |
| Enter build submenu | 23 | |
| Enter hero's abilities submenu | 7 | |
| Right click | 1197 | |
| Select / deselect | 346 | |
| Select group hotkey | 405 | |
| Use ability | 96 | |
2199 total
» units
| Peon | 8 | |
| Grunt | 6 | |
| Raider | 9 | |
| Demolisher | 9 | |
| Troll Witch Doctor | 2 | |
| Troll Batrider | 2 | |
36 total
» upgrades
| Berserker Strength | 1 | |
| Ensnare | 1 | |
| Witch Doctor Training | 1 | |
| Reinforced Defenses | 1 | |
| Burning Oil | 1 | |
5 total
» buildings
| Altar of Storms | 1 | |
| Orc Burrow | 6 | |
| Barracks | 1 | |
| Voodoo Lounge | 2 | |
| Stronghold | 1 | |
| War Mill | 1 | |
| Beastiary | 1 | |
| Fortress | 1 | |
| Spirit Lodge | 1 | |
| Watch Tower | 1 | |
| Tauren Totem | 1 | |
17 total
» build order
00:09 Altar of Storms
00:20 Orc Burrow
00:35 Barracks
01:26 Orc Burrow
02:27 Voodoo Lounge
03:03 Voodoo Lounge
03:38 Stronghold
04:10 Orc Burrow
04:55 War Mill
06:02 Beastiary
07:10 Orc Burrow
09:43 Fortress
09:47 Spirit Lodge
09:52 Orc Burrow
13:58 Watch Tower
16:16 Tauren Totem
16:37 Orc Burrow
» items
| Healing Salve | 2 | |
| Lesser Clarity Potion | 5 | |
| Scroll of Speed | 2 | |
| Potion of Healing | 2 | |
| Scroll of Town Portal | 2 | |
13 total
Kiko[cK] (
orange | 135 APM | 2594 actions | 19:12)
4 Keeper of the Grove
2 Entangling Roots
2 Force of Nature
2 Priestess of the Moon
1 Trueshot Aura
1 Searing Arrows
» actions
| Assign group hotkey | 32 | |
| Basic commands | 497 | |
| Build / train | 53 | |
| ESC pressed | 3 | |
| Enter build submenu | 19 | |
| Enter hero's abilities submenu | 6 | |
| Give item / drop item | 1 | |
| Right click | 610 | |
| Select / deselect | 467 | |
| Select group hotkey | 831 | |
| Use ability | 75 | |
2594 total
» units
| Wisp | 11 | |
| Huntress | 5 | |
| Archer | 8 | |
| Druid of the Talon | 4 | |
| Chimaera | 10 | |
| Hippogryph | 2 | |
40 total
» upgrades
» buildings
| Altar of Elders | 1 | |
| Moon Well | 8 | |
| Hunter's Hall | 1 | |
| Ancient of War | 2 | |
| Tree of Ages | 1 | |
| Tree of Eternity | 1 | |
| Ancient of Wind | 1 | |
| Chimaera Roost | 3 | |
| Ancient Protector | 2 | |
| Tree of Life | 1 | |
21 total
» build order
00:07 Altar of Elders
00:17 Moon Well
01:55 Hunter's Hall
02:01 Moon Well
02:03 Ancient of War
02:08 Ancient of War
02:54 Moon Well
03:05 Moon Well
03:16 Moon Well
03:25 Moon Well
03:50 Moon Well
05:33 Tree of Ages
05:47 Moon Well
08:17 Tree of Eternity
09:00 Ancient of Wind
11:08 Chimaera Roost
11:12 Chimaera Roost
12:28 Ancient Protector
12:31 Ancient Protector
16:30 Chimaera Roost
16:41 Tree of Life
» items
Chat log
(00:09 / Allies) dirtmcwordup: be ready to go up.
(00:25 / Allies) mata.: i'm not even planning on losing this so w/e
(00:37 / Allies) dirtmcwordup: im just saiyan
(00:44 / Allies) dirtmcwordup: hut to lore
(01:18 / Allies) dirtmcwordup: how does moon time well and altar at exact same time
(01:19 / Allies) dirtmcwordup: dang.
(01:42 / Allies) dirtmcwordup: my well was like 4 sec late
(01:53 / Allies) mata.: do you still do that noob shit
(02:00 / Allies) mata.: where you put 5 on gold then pull one off
(02:01 / Allies) dirtmcwordup: 4 on mine one on altar to start
(02:02 / Allies) dirtmcwordup: o
(02:04 / Allies) dirtmcwordup: no
(02:10 / Allies) dirtmcwordup: that is when im chatting/talking shit in beginning
(02:14 / Allies) dirtmcwordup: in relaxed game
(02:19 / Allies) dirtmcwordup: where i leave them in there for a while
(02:47 / Allies) dirtmcwordup: dual hunt
(02:51 / Allies) mata.: grunt
(02:56 / Allies) mata.: gonna get harassed
(03:18 / Allies) mata.: mb not
(03:23 / Allies) dirtmcwordup: keep making guy cancel well
(03:33 / Allies) iggy_the_fisk: score
(03:34 / Allies) dirtmcwordup: thats 3x
(03:43 / Allies) dirtmcwordup: and i make him drain his wells
(03:46 / Allies) dirtmcwordup: he got 0 mana owned
(04:01 / Allies) dirtmcwordup: harassing dude all game i thik
(04:08 / Allies) mata.: ff a footy
(04:39 / Allies) mata.: faggot blade
(05:13 / Allies) mata.: letz try and end this 1
(05:17 / Allies) mata.: when hero gets out
(05:33 / Allies) mata.: meat
(05:34 / Allies) dirtmcwordup: gotta heal at mid
(06:02 / Allies) mata.: i'll bring some tows
(06:07 / Allies) mata.: lets creep this fuck it
(06:09 / Allies) dirtmcwordup: want to crep
(06:10 / Allies) dirtmcwordup: yeah
(06:21 / Allies) dirtmcwordup: gay
(07:02 / Allies) mata.: i got a Gay Dagger
(07:07 / Allies) dirtmcwordup: give to dk
(07:10 / Allies) dirtmcwordup: yad coming
(07:24 / Allies) mata.: dagger given
(08:31 / Allies) dirtmcwordup: \back
(09:17 / Allies) mata.: damn
(09:21 / Allies) mata.: got salve i guess
(09:31 / Allies) dirtmcwordup: did you like that surr
(09:41 / Allies) dirtmcwordup: abolish teching for tangle
(09:54 / Allies) dirtmcwordup: that was perfect play surround i think.
(09:59 / Allies) mata.: not sure
(10:03 / Allies) iggy_the_fisk: didn't see it coming
(10:05 / Allies) dirtmcwordup: kill that siege
(10:16 / Allies) dirtmcwordup: adango
(11:58 / Allies) mata.: are those roosts?
(13:27 / Allies) mata.: he has chims pumping
(13:28 / Allies) mata.: do we have web?
(13:31 / Allies) iggy_the_fisk: yea
(13:39 / Allies) dirtmcwordup: damn
(13:43 / Allies) dirtmcwordup: i am owneng these guys
(13:46 / Allies) mata.: yo keep track of your statues
(13:57 / Allies) mata.: lets go up there
(14:00 / Allies) mata.: to the weaker part of base
(14:08 / Allies) dirtmcwordup: coming
(14:09 / Allies) dirtmcwordup: had to heal
(14:43 / Allies) mata.: wtf timg
(15:34 / Allies) dirtmcwordup: yargh
(15:38 / Allies) dirtmcwordup: my girst unit lost
(15:42 / Allies) dirtmcwordup: nope lost some yad
(15:54 / Allies) dirtmcwordup: nope lost dh lmao
(16:04 / Allies) mata.: aight all out
(16:06 / Allies) dirtmcwordup: dang i was on a roll
(16:47 / Allies) mata.: for me it's been a meatgrinder
(16:58 / Allies) dirtmcwordup: i mean i obv. lost m hunts
(17:04 / Allies) dirtmcwordup: but those were the first yad i lost
(17:10 / Allies) dirtmcwordup: then it went downhill and i lost both hero
(17:17 / Allies) dirtmcwordup: was too busy rejuving everything in sight.......but myself
(18:04 / Allies) dirtmcwordup: main